 Dungeon Crawl Stone Soup version 0.19.0-20-gbc5f0c6 (webtiles) character file.

198 nikopol the Skirmisher (level 5, -4/51 HPs)
             Began as a Gargoyle Berserker on Nov 17, 2016.
             Was a Believer of Trog.
             Slain by a mummy (9 damage)
             ... in an ossuary.
             The game lasted 00:04:37 (2215 turns).

nikopol the Skirmisher (Gargoyle Berserker)         Turns: 2215, Time: 00:04:38

Health: -4/51      AC: 10    Str: 25    XL:     5   Next: 77%
Magic:  5/5        EV: 12    Int:  8    God:    Trog [**....]
Gold:   109        SH:  0    Dex: 10    Spells: 0 memorised, 4 levels left

rFire  . . .     SeeInvis .     a - +0 mace
rCold  . . .     Gourm    .     f - +0 ring mail
rNeg   + . .     Faith    .     (no shield)
rPois  ∞         Spirit   .     (no helmet)
rElec  +         Reflect  .     r - +0 cloak
rCorr  .         Harm     .     (no gloves)
MR     .....                    (no boots)
Stlth  ..........               (no amulet)
                                (no ring)
                                (no ring)

@: berserking, very quick
A: negative energy resistance 1, electricity resistance, unbreathing,
petrification resistance, rot immunity, AC +4
a: Berserk, Trog's Hand, Burn Spellbooks, Renounce Religion


You were in an ossuary.
You worshipped Trog.
Trog was pleased with you.
You were hungry.

You visited 1 branch of the dungeon, and saw 4 of its levels.
You also visited: Ossuary.

You collected 109 gold pieces.

Inventory:

Hand Weapons
 a - a +0 mace (weapon)
Missiles
 g - 23 arrows
Armour
 b - a +0 animal skin
 f - a +0 ring mail (worn)
 r - a +0 cloak (worn)
Jewellery
 e - a cursed ring of teleportation {unknown}
 m - a cursed ring of loudness {unknown}
Scrolls
 s - a scroll of identify
Potions
 d - a potion of cancellation
 i - a potion of haste {unknown}
 k - a potion of flight {unknown}
 q - a potion of agility {unknown}
 t - a potion of degeneration {unknown}
Comestibles
 c - 3 bread rations
 o - 4 fruits
 p - a meat ration


   Skills:
 + Level 4.4 Fighting
 + Level 3.7 Maces & Flails
 + Level 3.6 Armour
 + Level 2.9 Dodging


You had 4 spell levels left.
You didn't know any spells.

Dungeon Overview and Level Annotations

Branches:
Dungeon (3/15)

Altars:
Nemelex Xobeh
Yredelemnul


Innate Abilities, Weirdness & Mutations

You are resistant to torment.
Your stone body is resilient. (AC +4)
You are immune to poison.
You resist negative energy. (rN+)
You are resistant to electric shocks. (rElec)
You can survive without breathing.
You are immune to petrification.
You are immune to rotting.


Message History

The mummy is lightly damaged.
You hit the mummy.
The mummy is lightly damaged.
The mummy barely misses you.
A red film seems to cover your vision as you go berserk!
You feel yourself moving faster!
You feel mighty!
You are feeling hungry.
The mummy hits you!
* * * LOW HITPOINT WARNING * * *
You closely miss the mummy.
The mummy is lightly damaged.
You thump the mummy!
The mummy is heavily damaged.
The mummy closely misses you.
You barely miss the mummy.
The mummy is heavily damaged.
You barely miss the mummy.
The mummy is heavily damaged.
The mummy hits you!
You die...

#....#
#....#
#....#
#....#
#....#
#....#
#....#
#.M..#
#@∩∩.#
######


You could see a mummy.

Vanquished Creatures
  Crazy Yiuf (D:2)
  A worker ant (D:4)
  A big kobold zombie (Ossuary)
  A hound skeleton (D:4)
  4 mummies
  An adder (D:2)
  An ooze (D:1)
  3 worms (D:2)
  A dart slug (D:1)
  7 bats
  A giant cockroach (D:1)
  2 gnoll zombies (Ossuary)
  6 hobgoblins
  A quokka (D:2)
  2 frilled lizards
  7 goblins
  2 hobgoblin zombies (Ossuary)
  7 kobolds
  A kobold zombie (Ossuary)
  An orc zombie (Ossuary)
  3 rats
54 creatures vanquished.

Notes
Turn   | Place    | Note
-------+----------+-------------------------------------------
     0 | D:1      | nikopol the Gargoyle Berserker began the quest for the Orb.
     0 | D:1      | Reached XP level 1. HP: 14/14 MP: 1/1
   411 | D:1      | Reached XP level 2. HP: 19/19 MP: 2/2
   850 | D:1      | Reached XP level 3. HP: 24/24 MP: 3/3
   963 | D:2      | Reached ** piety under Trog
  1017 | D:2      | Found a basalt altar of Yredelemnul.
  1439 | D:2      | Reached XP level 4. HP: 25/29 MP: 4/4
  1659 | D:2      | Found a runed door.
  1663 | D:2      | Noticed Crazy Yiuf
  1667 | D:2      | Killed Crazy Yiuf
  1667 | D:2      | Reached skill level 4 in Fighting
  1784 | D:3      | Found a sparkling altar of Nemelex Xobeh.
  1784 | D:3      | You fall through a shaft!
  1812 | D:4      | Reached XP level 5. HP: 30/33 MP: 5/5
  1822 | D:4      | Found a sand-covered staircase.
  1831 | Ossuary  | Entered an ossuary
  1882 | Ossuary  | HP: 1/51 [big kobold zombie (2)]
  2215 | Ossuary  | Slain by a mummy

Skill      XL: |  1  2  3  4 |
---------------+-------------+-----
Dodging        | 2 |  2.9
Fighting       | 4 |  4.4
Armour         | 3 |  3.6
Maces & Flails | |  3.7

Action                   |  1- 3 |  4- 6 || total
-------------------------+-------+-------++-------
Melee: Mace              |   148 |    79 ||   227
Invok: Berserk           |       |     3 ||     3
  Use: Scroll            |       |     3 ||     3
  Eat: Chunk             |     2 |     1 ||     3
       Royal jelly       |       |     1 ||     1
       Beef jerky        |       |     1 ||     1
Armor: Animal skin       |     3 |       ||     3
       Ring mail         |    81 |    31 ||   112
Dodge: Dodged            |   111 |    44 ||   155
